AoeStats
← Manee

African Clearing

510879853Analyzed
4v4 RM · 18h ago on Oct 2, 2026· 48m 59s· 8 players
Game mode
Random Map
Map size
Large (8 player)
Population
200
Speed
Normal
Resources
Standard
Victory
Conquest
Starting age
Dark Age
Ending age
Imperial Age
RankedLock teamsTeams togetherTeam positionsShared explorationLock speedFull tech treeHidden civsTurbo modeCheats
Victory
Defeat
🇨🇱 Maya · Chile
1311
+13
🇫🇷 Tatars · France
1298
+14
🇲🇽 Teutons · Mexico
1293
+14
🇲🇽 Poles · Mexico
1272
+15
🇹🇷 Huns · Türkiye
1289
-15
🇹🇷 Goths · Türkiye
1288
-16
🇹🇷 Berbers · Türkiye
1217
-13
🇹🇷 Teutons · Türkiye
1187
-12
Lord Elendil
8:34 Loom
11:50 Feudal Age
16:20 Castle Age
16:01 Double-Bit Axe
19:15 Forging
22:09 Bloodlines
23:34 Husbandry
29:58 Bow Saw
35:14 Scale Barding Armor
36:11 Wheelbarrow
37:38 Chain Barding Armor
39:18 Gold Mining
42:35 Imperial Age
41:20 Iron Casting
42:30 Szlachta Privileges
42:20 Horse Collar
42:53 Cavalier
44:25 Conscription
44:39 Elite Skirmisher
48:59 Scale Mail Armor
50:00 Blast Furnace
Cryptomage
3:13 Loom
14:10 Feudal Age
14:15 Man-at-Arms
14:42 Arson
15:55 Double-Bit Axe
18:47 Forging
22:59 Castle Age
23:02 Long Swordsman
23:43 Squires
38:24 Double-Bit Axe
46:25 Imperial Age
43:59 Gold Mining
46:18 Wheelbarrow
47:22 Husbandry
47:32 Bloodlines
LEÑA
10:11 Loom
12:26 Feudal Age
13:34 Double-Bit Axe
15:10 Fletching
21:03 Wheelbarrow
24:22 Castle Age
24:30 Crossbowman
25:06 Bodkin Arrow
31:06 Bow Saw
30:41 Horse Collar
32:28 Ballistics
32:51 Heavy Plow
35:08 Gold Mining
35:09 Stone Mining
36:31 Hand Cart
36:37 Thumb Ring
40:43 Imperial Age
40:49 Elite Plumed Archer
41:50 Conscription
41:31 Bracer
42:33 Chemistry
42:52 Padded Archer Armor
43:58 Leather Archer Armor
45:19 Two-Man Saw
Manee
4:53 Loom
11:28 Loom
13:20 Feudal Age
13:59 Loom
14:33 Town Watch
15:07 Double-Bit Axe
15:08 Horse Collar
17:13 Wheelbarrow
23:41 Castle Age
23:14 Forging
25:21 Iron Casting
29:56 Hand Cart
30:00 Bloodlines
31:39 Scale Barding Armor
34:07 Chain Barding Armor
34:50 Stone Mining
38:08 Gold Mining
38:41 Heavy Plow
41:12 Bow Saw
43:44 Imperial Age
43:10 Stone Shaft Mining
42:42 Town Patrol
43:49 Cavalier
45:08 Plate Barding Armor
45:33 Blast Furnace
45:12 Conscription
45:32 Paladin
[D]AYWALKE[r]
3:19 Loom
15:08 Feudal Age
18:56 Fletching
26:53 Town Watch
38:10 Castle Age
35:56 Horse Collar
36:02 Double-Bit Axe
38:39 Forging
38:29 Scale Mail Armor
39:44 Bodkin Arrow
40:24 Iron Casting
40:03 Bow Saw
39:56 Heavy Plow
39:56 Stone Mining
39:56 Gold Mining
42:07 Wheelbarrow
45:06 Squires
BEKO
5:00 Loom
15:54 Feudal Age
20:23 Castle Age
21:00 Double-Bit Axe
20:58 Horse Collar
21:14 Fletching
22:02 Bow Saw
27:03 Padded Archer Armor
28:46 Leather Archer Armor
31:24 Husbandry
31:35 Bloodlines
35:43 Wheelbarrow
34:37 Pikeman
36:06 Bodkin Arrow
36:13 Squires
38:56 Hand Cart
38:58 Forging
41:57 Town Watch
43:19 Town Patrol
45:07 Thumb Ring
45:38 Iron Casting
48:56 Imperial Age
49:02 Imperial Age
allycankurt600
3:05 Loom
14:41 Feudal Age
19:32 Castle Age
21:43 Scale Barding Armor
22:26 Forging
22:29 Bloodlines
40:34 Horse Collar
41:36 Double-Bit Axe
AnatolianTiger
2:57 Loom
13:46 Feudal Age
19:39 Castle Age
33:20 Wheelbarrow
36:45 Double-Bit Axe
37:42 Horse Collar
37:54 Pikeman
38:20 Arson
42:00 Squires
42:18 Gambesons
44:54 Bow Saw
46:06 Scale Mail Armor
Connection lost

Rejoining the realm…

Still unreachable

The connection could not be restored.

Session expired

The server has moved on; the page needs a fresh start.